 Dungeon Crawl Stone Soup version 0.20-a0-450-g4cf9236 (webtiles) character file.

39 FitzyFitz the Slasher (level 3, -5/24 HPs)
             Began as a High Elf Warper on Dec 20, 2016.
             Slain by a gnoll
             ... wielding a +0 halberd
              (12 damage)
             ... on level 2 of the Dungeon.
             The game lasted 00:01:57 (1624 turns).

FitzyFitz the Slasher (High Elf Warper)             Turns: 1624, Time: 00:01:58

Health: -5/24      AC:  3    Str: 15    XL:     3   Next: 26%
Magic:  7/7        EV: 12    Int: 18    God:
Gold:   46         SH:  0    Dex: 14    Spells: 2/6 levels left

rFire  . . .     SeeInvis .     a - +0 falchion
rCold  . . .     Gourm    .     b - +0 leather armour
rNeg   . . .     Faith    .     (no shield)
rPois  .         Spirit   .     (no helmet)
rElec  .         Reflect  .     (no cloak)
rCorr  .         Harm     .     (no gloves)
MR     .....                    (no boots)
Stlth  +.........               (no amulet)
                                (no ring)
                                (no ring)

@: mighty
A: no striking features
a: no special abilities


You were on level 2 of the Dungeon.
You were hungry.

You visited 1 branch of the dungeon, and saw 2 of its levels.

You collected 46 gold pieces.

Inventory:

Hand Weapons
 a - a +0 falchion (weapon)
Missiles
 e - 5 tomahawks of dispersal (quivered)
 g - 33 stones
 m - 16 arrows
Armour
 b - a +0 leather armour (worn)
Scrolls
 d - a scroll of blinking
 h - a scroll of random uselessness {unknown}
 i - 2 scrolls of identify {unknown}
 j - a scroll of amnesia {unknown}
 l - a scroll of teleportation {unknown}
 n - 2 scrolls of remove curse {unknown}
Potions
 o - a potion of lignification {unknown}
 p - a potion of beneficial mutation {unknown}
Books
 c - a book of Spatial Translocations

   Spells                             Type                      Level
   a - Blink                          Translocation                2
   b - Shroud of Golubria             Charms/Translocation         2
   c - Lesser Beckoning               Translocation                3
   d - Portal Projectile              Translocation                3
   e - Teleport Other                 Translocation                3
   f - Passage of Golubria            Translocation                4
Comestibles
 f - a bread ration


   Skills:
 - Level 2.0 Fighting
 + Level 4.5 Long Blades
 - Level 1.0 Throwing
 - Level 0.8 Armour
 - Level 2.1 Dodging
 - Level 2.4 Spellcasting
 - Level 3.2 Translocations


You had 2 spell levels left.
You knew the following spells:

 Your Spells              Type           Power        Failure   Level  Hunger
a - Blink                 Tloc           N/A          12%         2    ##.....
b - Shroud of Golubria    Chrm/Tloc      #.........   17%         2    ##.....


Dungeon Overview and Level Annotations

Branches:
Dungeon (2/15)

Altars:
Gozag


Message History

You hit the quokka.
You kill the quokka!
The gnoll hits you from afar with a halberd!
The gnoll misses you.
You see here a quokka corpse.
You barely miss the gnoll. You hit the gnoll.
The gnoll is lightly wounded.
The gnoll hits you with a halberd.
* * * LOW HITPOINT WARNING * * *
You hit the gnoll but do no damage.
The gnoll is lightly wounded.
The gnoll barely misses you.
A goblin comes into view. It is wielding a club.
It was a potion of might.
You feel very mighty all of a sudden.
The goblin shouts!
The gnoll hits you with a halberd!
Ouch! That really hurt!
You die...

### .# ### .P♣
♣♣###P
PP♣♣.P♣♣♣..♣PP
.P....P♣PP..♣
...#.P......♣P♣
.?.....P..♣.P♣♣
._...#...♣)PPP♣
.g....g@...♣P.♣
...#......P..♣
♣...8..P♣...♣
.P..♣P.♣♣♣P.♣.P.♣
.♣.P..♣ ♣..♣.♣.♣
♣♣.♣♣. ♣.§♣♣♣ ♣
♣....♣♣♣♣§♣ .
♣PP.♣.♣§♣
#♣..♣♣§§♣


You could see a gnoll and a goblin.

Vanquished Creatures
  An ooze (D:2)
  A dart slug (D:1)
  A leopard gecko (D:1)
  2 bats (D:1)
  A giant cockroach (D:1)
  6 goblins
  4 hobgoblins
  4 jackals (D:1)
  A quokka (D:2)
  A frilled lizard (D:1)
  4 kobolds (D:1)
  A rat (D:1)
  A plant (D:2)
28 creatures vanquished.

Notes
Turn   | Place    | Note
-------+----------+-------------------------------------------
     0 | D:1      | FitzyFitz the High Elf Warper began the quest for the Orb.
     0 | D:1      | Reached XP level 1. HP: 14/14 MP: 4/4
   102 | D:1      | Reached skill level 3 in Long Blades
   301 | D:1      | Reached XP level 2. HP: 13/19 MP: 6/6
   640 | D:1      | Reached skill level 4 in Long Blades
  1166 | D:1      | Reached XP level 3. HP: 24/24 MP: 7/7
  1182 | D:1      | Learned a level 2 spell: Blink
  1185 | D:1      | Learned a level 2 spell: Shroud of Golubria
  1613 | D:2      | Found an opulent altar of Gozag.
  1624 | D:2      | Slain by a gnoll

Vault maps used:
D:1:      dpeg_arrival_shelter
D:2:      wad_woods_stonehenge

Skill      XL: |  1  2 |
---------------+-------+-----
Long Blades    | 3 4 |  4.5
Fighting       | |  2.0
Throwing       | |  1.0
Armour         | |  0.8
Dodging        | |  2.1
Spellcasting   | |  2.4
Translocations | |  3.2

Action                   || total
-------------------------++-------
Melee: Falchion          ||   156
  Use: Potion            ||     1
 Stab: Sleeping          ||     1
  Eat: Chunk             ||     2
Armor: Leather armour    ||    18
Dodge: Dodged            ||    72
       Rpst.: Falchion   ||    21
